 Dungeon Sprint DCSS version 0.30.0-10-gfe55d96785 (webtiles) character file.

Game seed: 2953318735146176782

6148 Groucho the Eclecticist (level 10, -7/44 HPs)
             Began as a Spriggan Enchanter on May 14, 2023.
             Was the Champion of Dithmenos.
             Mangled by a demonic crawler (17 damage)
             ... in the Dungeon (Sprint I: "Red Sonja").
             The game lasted 00:08:17 (2592 turns).

Groucho the Eclecticist (Spriggan Enchanter)        Turns: 2592, Time: 00:08:18

Health: -7/44      AC:  3    Str:  8    XL:     10   Next: 59%
Magic:  23/30      EV: 26    Int: 17    God:    Dithmenos [******]
Gold:   533        SH:  0    Dex: 16    Spells: 31/39 levels left

rFire   . . .        h - +2 dagger (holy)
rCold   . . .        (no shield)
rNeg    + . .        m - +1 robe {rN+}
rPois   .            (helmet restricted)
rElec   .            (no cloak)
rCorr   .            (gloves unavailable)
SInv    +            (boots unavailable)
Will    +....        (no amulet)
Stlth   ++++++++++   (no ring)
HPRegen 0.27/turn    (no ring)
MPRegen 0.22/turn

%: no teleportation
@: wreathed by umbra, very quick
A: very small, no large weapons, unfitting armour, see invisible, speed 3
a: Renounce Religion, Shadow Step, Shadow Form


You were in the Dungeon.
You worshipped Dithmenos.
Dithmenos was exalted by your worship.
You visited 1 branch You collected 1152 gold pieces.
You spent 619 gold pieces at shops.

Inventory:

Hand Weapons
 e - a +0 shortbow
 h - a +2 dagger of holy wrath (weapon)
Armour
 l - the +1 buckler "Nusepec" {rElec}
   (You bought it in a shop in the Dungeon)

   rElec:     It insulates you from electricity.
 m - a +1 robe of positive energy (worn)
Wands
 d - a wand of digging (4)
 i - a wand of flame (15)
Scrolls
 j - 2 scrolls of enchant weapon {unknown}
 k - a scroll of poison {unknown}
Potions
 a - 3 potions of flight
 b - 2 potions of curing
 c - 4 potions of invisibility
 f - a potion of haste
 g - 2 potions of magic


   Skills:
 - Level 10.0 Short Blades
 + Level 5.7 Ranged Weapons
 + Level 13.8 Dodging
 - Level 15.0 Stealth
 + Level 1.8 Shields
 + Level 15.1 Spellcasting
 + Level 3.1 Conjurations
 - Level 15.0 Hexes
 + Level 3.2 Ice Magic


You had 31 spell levels left.
You knew the following spells:

 Your Spells              Type           Power      Damage    Failure   Level
a - Ensorcelled Hibernat  Hex/Ice        86%        N/A       1%          2
b - Confusing Touch       Hex            59%        N/A       1%          3
c - Dazzling Flash        Conj/Hex       86%        N/A       1%          3

Your spell library contained the following spells:

 Spells                   Type           Power      Damage    Failure   Level
 Tukima's Dance           Hex            59%        N/A       1%          3
 Metabolic Englaciation   Hex/Ice        21%        N/A       3%          5
 Petrify                  Tmut/Erth      12%        N/A       45%         4
 Statue Form              Tmut/Erth      8%         N/A       100%        6


Dungeon Overview and Level Annotations

Branches:
Dungeon (1/1)

Altars:
Cheibriados
Dithmenos
Elyvilon
Fedhas
Gozag
Hepliaklqana
Kikubaaqudgha
Makhleb
Nemelex Xobeh
Okawaru
Qazlal
Ru
Sif Muna
Trog
Uskayaw
Vehumet
Wu Jian
Xom
Yredelemnul
Zin
The Shining One
Jiyva
Lugonu

Shops:
D *(*:*((![(*!:[([[


Innate Abilities, Weirdness & Mutations

You are very small and have problems with some larger weapons.
You are too small for most types of armour.
You have supernaturally acute eyesight. (SInv)
You cover ground extremely quickly. (Speed+++)


Message History

The demonic crawler misses you. x2; The demonic crawler barely misses you.
Your Spellcasting skill increases to level 15!
Your Ice Magic skill increases to level 3!
Unknown command.
Casting: Ensorcelled Hibernation (safe; 1% risk of failure)
Confirm with . or Enter, or press ? or * to list all spells.
Casting: Dazzling Flash (safe; 1% risk of failure)
Press: ? - help, Dir - look around, f - activate The demonic crawler is dazzled.
The demonic crawler barely misses you. The demonic crawler misses you.
The demonic crawler closely misses you. The demonic crawler hits you!
The demonic crawler misses you. The demonic crawler hits you.
Unknown command.
Unknown command.
Unknown command.
You hit the demonic crawler but do no damage.
You catch the helpless demonic crawler completely off-guard!
You stick the demonic crawler like a pincushion!!!
The demonic crawler convulses!!
You kill the demonic crawler!
Dithmenos accepts your kill.
Training target 15.0 for Hexes reached!
Your Conjurations skill increases to level 3!
Your Hexes skill increases to level 15!
Okay, then.
Casting: Dazzling Flash (safe; 1% risk of failure)
Confirm with . or Enter, or press ? or * to list all spells.
Casting: Dazzling Flash (safe; 1% risk of failure)
Press: ? - help, Dir - look around, f - activate The demonic crawler is dazzled.
Unknown command.
Unknown command.
Unknown command.
You barely miss the demonic crawler.
The demonic crawler completely misses you.
The demonic crawler barely misses you. The demonic crawler closely misses you.
The demonic crawler hits you!
* * * LOW HITPOINT WARNING * * *
The demonic crawler hits you!
You die...

##################
.#.)'..#__#..'..)#
)'..#..'..'..#..s##+#
'#####'#__####).@s..#
.#...#.####§.#####..+
##..##(#§~~.§#§.# +##
_##'#_.'§~§.§'..#
..'..._#~§~).#..#
_##_.#'##+#####'###
_###'#)#.)..###.§§#
####.####'###.###§#
..'..)'..[..')∩##.#


You could see 2 demonic crawlers.

Vanquished Creatures
  2 centaur warriors (D)
  Sonja (D)
  A deep troll (D)
  An oklob plant (D)
  2 demonic crawlers (D)
  2 unseen horrors (D)
  2 kobold demonologists (D)
  A hornet (D)
  Sigmund (D)
  A slime creature (D)
  A yak (D)
  2 redbacks (D)
  2 floating eyes (D)
  An ogre (D)
  7 necrophages (D)
  8 jellies (D)
  Ijyb (D)
  2 ballistomycete spores (D)
38 creatures vanquished.

Notes
Turn   | Place    | Note
-------+----------+-------------------------------------------
     0 | D        | Groucho the Spriggan Enchanter began the quest for the Orb.
     0 | D        | Reached XP level 1. HP: 9/9 MP: 5/5
     2 | D        | Noticed Ijyb
    13 | D        | Killed Ijyb
    14 | D        | Reached skill level 10 in Stealth
    14 | D        | Reached XP level 2. HP: 13/13 MP: 6/6
   155 | D        | Learned a level 2 spell: Ensorcelled Hibernation
   162 | D        | Noticed an ogre
   164 | D        | Killed an ogre
   165 | D        | Reached skill level 5 in Spellcasting
   165 | D        | Reached XP level 3. HP: 16/16 MP: 7/11
   165 | D        | Reached XP level 4. HP: 21/21 MP: 7/12
   409 | D        | Noticed Sigmund
   411 | D        | Killed Sigmund
   412 | D        | Reached XP level 5. HP: 24/24 MP: 12/16
   412 | D        | Reached XP level 6. HP: 28/28 MP: 13/18
   630 | D        | Found a shimmering blue altar of Sif Muna.
   631 | D        | Found an ornate altar of the Wu Jian Council.
   632 | D        | Found a radiant altar of Vehumet.
   655 | D        | Learned a level 3 spell: Confusing Touch
   674 | D        | Found Ogyrosse's Antique Weapon Emporium.
   674 | D        | Found an ancient bone altar of Kikubaaqudgha.
   674 | D        | Found a hazy altar of Hepliaklqana.
   674 | D        | Found a stormy altar of Qazlal.
   674 | D        | Found a hide-covered altar of Uskayaw.
   674 | D        | Found a blossoming altar of Fedhas.
   674 | D        | Found a bloodstained altar of Trog.
   674 | D        | Found an iron altar of Okawaru.
   674 | D        | Found a basalt altar of Yredelemnul.
   674 | D        | Found a glowing golden altar of the Shining One.
   674 | D        | Found a snail-covered altar of Cheibriados.
   674 | D        | Found a sacrificial altar of Ru.
   674 | D        | Found a glowing silver altar of Zin.
   674 | D        | Found a shadowy altar of Dithmenos.
   674 | D        | Found a white marble altar of Elyvilon.
   674 | D        | Noticed a yak
   675 | D        | Found an opulent altar of Gozag.
   679 | D        | Killed a yak
   681 | D        | Found a sparkling altar of Nemelex Xobeh.
   685 | D        | Bought a runed dagger for 115 gold pieces
   731 | D        | Found a viscous altar of Jiyva.
   731 | D        | Found a corrupted altar of Lugonu.
   731 | D        | Noticed a slime creature
   732 | D        | Found a burning altar of Makhleb.
   732 | D        | Found a shimmering altar of Xom.
   734 | D        | Killed a slime creature
   735 | D        | Reached skill level 5 in Dodging
   735 | D        | Reached skill level 15 in Stealth
   735 | D        | Reached skill level 10 in Spellcasting
   735 | D        | Reached skill level 10 in Hexes
   735 | D        | Reached XP level 7. HP: 32/32 MP: 19/21
   752 | D        | Became a worshipper of Dithmenos the Shadowed
   767 | D        | Noticed a centaur warrior
   771 | D        | Noticed a centaur warrior
   776 | D        | Killed a centaur warrior
   777 | D        | Reached XP level 8. HP: 16/36 MP: 20/24
   778 | D        | Noticed a hornet
   783 | D        | Killed a centaur warrior
   787 | D        | Killed a hornet
   787 | D        | Reached * piety under Dithmenos
   788 | D        | Reached skill level 10 in Dodging
   788 | D        | Reached XP level 9. HP: 19/39 MP: 21/26
   790 | D        | Noticed an oklob plant
   792 | D        | Killed an oklob plant
   805 | D        | Reached ** piety under Dithmenos
  1084 | D        | Learned a level 3 spell: Dazzling Flash
  1084 | D        | Noticed an unseen horror
  1085 | D        | Noticed an unseen horror
  1091 | D        | Killed an unseen horror
  1092 | D        | Reached skill level 1 in Ranged Weapons
  1093 | D        | Killed an unseen horror
  1094 | D        | Reached skill level 10 in Short Blades
  1096 | D        | Reached *** piety under Dithmenos
  1536 | D        | Reached **** piety under Dithmenos
  1541 | D        | Found Lad Gala's Book Shoppe.
  1559 | D        | Found Ivoum's Antique Armour Boutique.
  1560 | D        | Found Feicouce's Assorted Antiques.
  1560 | D        | Found Venuhoaw's Antique Weapon Emporium.
  1561 | D        | Found Paclunag's Antique Armour Emporium.
  1585 | D        | Reached ***** piety under Dithmenos
  1872 | D        | Reached XP level 10. HP: 44/44 MP: 29/29
  1884 | D        | Found Tetoacaaby's General Store.
  1886 | D        | Found Goryket's Antique Weapon Emporium.
  1886 | D        | Found Kiwken's Antique Weapon Shop.
  1886 | D        | Found Pivoex's Distillery.
  1886 | D        | Found Woqaepro's Armour Boutique.
  1886 | D        | Found Talarazi's Weapon Emporium.
  1886 | D        | Found Vugol's Assorted Antiques.
  1886 | D        | Found Bezawas's Distillery.
  1890 | D        | Found Gyxegy's Book Boutique.
  1904 | D        | Bought a transparent buckler for 218 gold pieces
  1904 | D        | Identified the +1 buckler "Nusepec" {rElec} (You bought it
                  | in a shop in the Dungeon)
  1904 | D        | Bought a glowing robe for 85 gold pieces
  1930 | D        | Bought a potion of flight for 39 gold pieces
  1977 | D        | Noticed a deep troll
  1979 | D        | Killed a deep troll
  1980 | D        | Reached skill level 1 in Conjurations
  1980 | D        | Reached skill level 1 in Ice Magic
  1991 | D        | Found Jointi's Armour Emporium.
  2005 | D        | Noticed Sonja
  2009 | D        | Killed Sonja
  2010 | D        | Reached skill level 5 in Ranged Weapons
  2383 | D        | Found Utzao's Assorted Antiques.
  2391 | D        | Bought 2 potions of flight for 162 gold pieces
  2479 | D        | Reached skill level 1 in Shields
  2584 | D        | Noticed a demonic crawler
  2584 | D        | Noticed a demonic crawler
  2584 | D        | Noticed a demonic crawler
  2584 | D        | Noticed a demonic crawler
  2586 | D        | Killed a demonic crawler
  2586 | D        | Reached ****** piety under Dithmenos
  2587 | D        | Reached skill level 15 in Spellcasting
  2590 | D        | Killed a demonic crawler
  2591 | D        | Reached skill level 15 in Hexes
  2592 | D        | Mangled by a demonic crawler

Illustrated notes

Levels and vault maps discovered:
D:        dungeon_sprint_1 [red_sonja_temple_1, red_sonja_temple_small_1]

Skill      XL: |  1  2  3  4  5  6  7  8  9 10 |
---------------+-------------------------------+-----
Stealth        | 10 11 13 15 | 15.0
Spellcasting   | 5 8 10 11 12 14 15 | 15.1
Hexes          | 6 8 10 11 12 14 15 | 15.0
Short Blades   | 4 6 8 10 | 10.0
Dodging        | 5 8 10 12 13 | 13.8
Ranged Weapons | 3 5 |  5.7
Conjurations   | 3 |  3.1
Ice Magic      | 3 |  3.2
Shields        | 1 |  1.8

Action                     |  1- 3 |  4- 6 |  7- 9 | 10-12 || total
---------------------------+-------+-------+-------+-------++-------
  Melee: Dagger            |     7 |     5 |    61 |     9 ||    82
         Punch             |       |       |     3 |       ||     3
   Fire: Shortbow          |       |       |       |     2 ||     2
   Cast: Ensorcelled Hiber |       |     1 |     9 |     2 ||    12
         Confusing Touch   |       |       |     6 |       ||     6
         Dazzling Flash    |       |       |       |     2 ||     2
  Evoke: Wand              |       |     1 |       |       ||     1
    Use: Potion            |     2 |       |     2 |       ||     4
         Scroll            |       |       |     1 |       ||     1
   Stab: Sleeping          |     2 |     4 |    16 |     6 ||    28
         Invisible         |       |       |     3 |     1 ||     4
         Confused          |       |       |     5 |       ||     5
 Armour: Robe              |       |       |     2 |       ||     2
  Dodge: Dodged            |     4 |     1 |    37 |    11 ||    53
